 Dungeon Crawl Stone Soup version 0.19.1-1-g22dce08 (webtiles) character file.

567 Jynx the Archer (level 7, 0/59 HPs)
             Began as a Centaur Hunter on Jan 7, 2017.
             Slain by a hungry ghost (4 damage)
             ... while paralysed
             ... on level 5 of the Dungeon on Jan 8, 2017.
             The game lasted 00:16:05 (4928 turns).

Jynx the Archer (Centaur Hunter)                    Turns: 4928, Time: 00:16:05

Health: 0/59       AC:  4    Str: 21    XL:     7   Next: 11%
Magic:  0/7        EV:  1    Int: 10    God:
Gold:   197        SH:  0    Dex: 11    Spells: 0 memorised, 6 levels left

rFire  . . .     SeeInvis .     b - +0 short sword
rCold  . . .     Gourm    .     c - +0 leather armour
rNeg   . . .     Faith    .     (no shield)
rPois  .         Spirit   +     (no helmet)
rElec  .         Reflect  .     (no cloak)
rCorr  .         Harm     .     (no gloves)
MR     .....     NoTele   +     (no barding)
Stlth  +.........               l - amulet of guardian spirit
                                v - ring of wizardry
                                n - ring of Ytu Pafi {-Tele +Fly Str+6}

@: paralysed, fainting, very quick
A: hooves 3, deformed body, speed 2, tough skin 3
a: Evoke Flight


You were on level 5 of the Dungeon.
You were fainting.

You visited 1 branch of the dungeon, and saw 5 of its levels.

You collected 197 gold pieces.

Inventory:

Hand Weapons
 a - a +1 shortbow
 b - a +0 short sword (weapon)
 r - a +0 rapier of protection
Armour
 c - a +0 leather armour (worn)
Jewellery
 l - an amulet of guardian spirit (around neck)
 n - the ring of Ytu Pafi (left hand) {-Tele +Fly Str+6}
   (You found it on level 4 of the Dungeon)

   [ring of flight]

   It affects your strength (+6).
   It lets you fly.
   It prevents most forms of teleportation.
 v - a ring of wizardry (right hand)
 z - an uncursed ring of ice {unknown}
Wands
 y - a wand of polymorph (17/24)
Scrolls
 j - 12 scrolls of identify {unknown}
 m - a scroll of teleportation
 o - 2 scrolls of remove curse
 q - a scroll of recharging {unknown}
 s - a scroll of fog {unknown}
 u - a scroll of random uselessness {unknown}
 w - a scroll of noise {unknown}
 x - a scroll of enchant weapon {unknown}
Potions
 e - 2 potions of cancellation {unknown}
 g - 2 potions of curing {unknown}
 h - 2 potions of degeneration {unknown}
 i - a potion of agility {unknown}
 p - a potion of mutation {unknown}
 t - 3 potions of brilliance {unknown}
Comestibles
 f - 3 bread rations


   Skills:
 + Level 4.0 Fighting
 + Level 0.8 Short Blades
 * Level 8.1 Bows
 - Level 2.9 Dodging
 - Level 2.0 Stealth


You had 6 spell levels left.
You didn't know any spells.

Dungeon Overview and Level Annotations

Branches:
Dungeon (5/15)             Temple (0/1) D:5

Altars:
Ashenzari
Cheibriados
Elyvilon
Gozag
Nemelex Xobeh
Ru
Vehumet
Yredelemnul

Shops:
D:5 *

Annotations:
D:5 cuckmaster's ghost, novice HaHu


Innate Abilities, Weirdness & Mutations

You have hooves in place of feet.
Armour fits poorly on your strangely shaped body.
You cover ground very quickly.
You have extremely tough skin. (AC +3)


Message History

The goblin misses you.
Cuckmaster's ghost hits you but does no damage.
The hungry ghost hits you.
You feel slightly more hungry. The goblin hits you but does no damage.
You hit the hungry ghost. Your kick misses the hungry ghost.
The hungry ghost is heavily damaged.
The goblin barely misses you. Cuckmaster's ghost closely misses you.
The hungry ghost hits you.
You feel slightly more hungry. The goblin hits you but does no damage.
Cuckmaster's ghost hits you but does no damage.
You miss the hungry ghost.
The hungry ghost is heavily damaged.
You lose consciousness!
The hungry ghost hits you.
* * * LOW HITPOINT WARNING * * *
You feel slightly more hungry. The goblin hits you but does no damage.
Cuckmaster's ghost hits you.
* * * LOW HITPOINT WARNING * * *
The hungry ghost hits you.
You die...

#.....................#
#.###..........รท......#
#.# ###..####.........#
##.# #..# ##.......##
#..# #..# ##...##>[#
#..# ##..# ##..#####.#
####..####..####..## ###
#.............#g..#
#######
#####...#####.g@.##
###..g..### ##.## #.gWW#
###og..##.... #.#
##.go###.Wg#####.... #.#
#...#.W#### #..### ###
#....### #.## # #.#.##
### #.#.# #####


You could see a hungry ghost, cuckmaster's ghost, an orc and 4 goblins.

Vanquished Creatures
  An ice beast (D:5)
  2 scorpions (D:4)
  A crimson imp (D:5)
  A hound (D:5)
  2 iguanas
  A howler monkey skeleton (D:4)
  9 adders
  3 gnolls (D:3)
  3 worms
  4 dart slugs
  5 leopard geckos
  7 orcs (D:4)
  2 ball pythons
  6 giant cockroaches
  4 goblins
  11 hobgoblins
  11 jackals (D:3)
  7 kobolds
  5 quokkas
  A ball python skeleton (D:4)
  9 bats
  7 frilled lizards
  A quokka skeleton (D:4)
  10 rats
  A spectral orc (D:4)
114 creatures vanquished.

Notes
Turn   | Place    | Note
-------+----------+-------------------------------------------
     0 | D:1      | Jynx the Centaur Hunter began the quest for the Orb.
     0 | D:1      | Reached XP level 1. HP: 17/17 MP: 1/1
   265 | D:1      | Reached XP level 2. HP: 20/24 MP: 2/2
   828 | D:2      | Reached XP level 3. HP: 30/30 MP: 3/3
   874 | D:2      | Found an opulent altar of Gozag.
  1078 | D:2      | Reached skill level 6 in Bows
  1418 | D:2      | Reached XP level 4. HP: 18/37 MP: 4/4
  1421 | D:2      | Reached skill level 1 in Stealth
  1501 | D:2      | Found a shattered altar of Ashenzari.
  2041 | D:3      | Reached XP level 5. HP: 45/45 MP: 5/5
  2764 | D:4      | Reached skill level 7 in Bows
  3099 | D:4      | Reached XP level 6. HP: 51/51 MP: 6/6
  3337 | D:4      | Found a basalt altar of Yredelemnul.
  3401 | D:4      | Found a sacrificial altar of Ru.
  3760 | D:4      | Got a smoking turquoise ring
  3762 | D:4      | Identified the ring of Ytu Pafi {-Tele +Fly Str+6} (You found it on level 4 of the Dungeon)
  3821 | D:4      | Found a white marble altar of Elyvilon.
  3824 | D:4      | Found a radiant altar of Vehumet.
  3838 | D:4      | Found a snail-covered altar of Cheibriados.
  3841 | D:4      | Found a sparkling altar of Nemelex Xobeh.
  3985 | D:5      | Entered Level 5 of the Dungeon
  3987 | D:5      | Found a staircase to the Ecumenical Temple.
  4193 | D:5      | Found Etud's Assorted Antiques.
  4656 | D:5      | Noticed an ice beast
  4667 | D:5      | Killed an ice beast
  4667 | D:5      | Reached XP level 7. HP: 43/59 MP: 4/7
  4717 | D:5      | Reached skill level 8 in Bows
  4719 | D:5      | Noticed a hungry ghost
  4726 | D:5      | Noticed cuckmaster's ghost (novice HaHu)
  4795 | D:5      | Paralysed by fainting for 11 turns
  4927 | D:5      | Paralysed by fainting for 10 turns
  4928 | D:5      | Slain by a hungry ghost

Skill      XL: |  1  2  3  4  5  6  7 |
---------------+----------------------+-----
Bows           | 6 7 8 |  8.1
Dodging        | 2 |  2.9
Stealth        | 1 2 |  2.0
Fighting       | 3 4 |  4.0
Short Blades   | |  0.8

Action                   |  1- 3 |  4- 6 |  7- 9 || total
-------------------------+-------+-------+-------++-------
Melee: Short sword       |    13 |    73 |    30 ||   116
       Kick              |     2 |    40 |     9 ||    51
       Rapier            |       |    65 |    33 ||    98
 Fire: Shortbow          |   114 |   184 |     2 ||   300
  Use: Scroll            |     4 |       |       ||     4
  Eat: Chunk             |       |     6 |       ||     6
       Beef jerky        |       |     1 |       ||     1
       Meat ration       |       |       |     2 ||     2
       Bread ration      |       |       |     1 ||     1
Armor: Leather armour    |    28 |    65 |    42 ||   135
Dodge: Dodged            |    26 |    90 |    34 ||   150
